 Dungeon Crawl Stone Soup version 0.18-a0-1515-g333d932 (webtiles) character file.

777 Gottschkopf the Shield-Bearer (level 7, -7/61 HPs)
             Began as a Minotaur Fighter on Mar 7, 2016.
             Was an Initiate of Trog.
             Mangled by ZeroCool's ghost (8 damage)
             ... on level 5 of the Dungeon.
             The game lasted 00:10:06 (3952 turns).

Gottschkopf the Shield-Bearer (Minotaur Fighter)    Turns: 3952, Time: 00:10:06

Health: -7/61      AC: 10    Str: 23    XL:     7   Next: 54%
Magic:  6/6        EV:  9    Int:  5    God:    Trog [......]
Gold:   159        SH: 11    Dex:  9    Spells: 0 memorised, 6 levels left

rFire  . . .     SeeInvis .     a - +0 long sword
rCold  . . .     Gourm    .     s - +1 ring mail {MR+}
rNeg   . . .     Faith    .     c - +0 shield
rPois  .         Spirit   .     (helmet restricted)
rElec  .         Dismiss  .     i - +2 cloak
rCorr  .         Reflect  .     (no gloves)
SustAt +         Harm     .     (no boots)
MR     +....                    (no amulet)
Stlth  ..........               (no ring)
                                y - ring of sustain attributes

@: somewhat resistant to hostile enchantments, extremely unstealthy
A: retaliatory headbutt, horns 2
a: Burn Spellbooks, Renounce Religion


You were on level 5 of the Dungeon.
You worshipped Trog.
Trog was noncommittal.
You were not hungry.

You visited 2 branches of the dungeon, and saw 6 of its levels.

You collected 159 gold pieces.

Inventory:

Hand Weapons
 a - a +0 long sword (weapon)
Armour
 c - a +0 shield (worn)
 i - a +2 cloak (worn)
 s - a +1 ring mail of magic resistance (worn)
Jewellery
 y - a ring of sustain attributes (left hand)
Wands
 v - a wand of flame (31/48)
Scrolls
 e - 2 scrolls of teleportation {unknown}
 h - a scroll of noise {unknown}
 j - 3 scrolls of identify {unknown}
 k - a scroll of recharging {unknown}
 l - 3 scrolls of enchant weapon {unknown}
 n - a scroll of amnesia {unknown}
 q - 3 scrolls of fear {unknown}
 r - a scroll of blinking {unknown}
 t - a scroll of enchant armour {unknown}
 u - 3 scrolls of remove curse {unknown}
 w - a scroll of vulnerability {unknown}
 x - a scroll of magic mapping {unknown}
Potions
 d - 2 potions of berserk rage {unknown}
 g - 2 potions of curing
 m - a potion of degeneration {unknown}
 o - 2 potions of brilliance {unknown}
 z - a potion of haste {unknown}
 A - a potion of agility
Comestibles
 b - 5 fruits
 f - 5 bread rations
 p - 3 meat rations


   Skills:
 + Level 5.4 Fighting
 + Level 4.6 Long Blades
 + Level 5.7 Armour
 * Level 7.9 Shields


You had 6 spell levels left.
You didn't know any spells.

Dungeon Overview and Level Annotations

Branches:
Dungeon (5/15)             Temple (1/1) D:4

Altars:
Ashenzari
Dithmenos
Elyvilon
Fedhas
Makhleb
Okawaru
Pakellas
Qazlal
Trog
Zin
The Shining One

Annotations:
D:5 ZeroCool's ghost, novice KoBe


Innate Abilities, Weirdness & Mutations

You reflexively headbutt those who attack you in melee.
You have a pair of horns on your head.


Message History

ZeroCool's ghost hits you.
* * * LOW HITPOINT WARNING * * *
x2 You are too injured to fight recklessly!
You are too injured to fight recklessly!
You are too injured to fight recklessly!
You are too injured to fight recklessly!
You are too injured to fight recklessly!
You closely miss ZeroCool's ghost.
ZeroCool's ghost is heavily damaged.
ZeroCool's ghost says, "They'll have to sweep you off the floor after I'm finished with you!"
ZeroCool's ghost hits you but does no damage.
You block ZeroCool's ghost's attack.
You hit ZeroCool's ghost but do no damage.
ZeroCool's ghost is heavily damaged.
ZeroCool's ghost hits you!
* * * LOW HITPOINT WARNING * * *
x2 You slash ZeroCool's ghost!
Your headbutt misses ZeroCool's ghost.
ZeroCool's ghost is severely damaged.
ZeroCool's ghost hits you!
You die...

.... #..#.# #.#.####.#########
....##..#.## #.....#...........
#....(.....####.#.#.#..##.......
#.........##.>#.......##.######
#...##..##.##.#.#.#.##.##.#
)..####..##.##.#........##.#
#.......##.##.#...#######.#
#.#####.##.##.#...# #.#
#.##.##.#@..# #.#
#.......W...#######.#
###.###.#..[....<... #.#
#.#...#####.## #.# #.#...## #.#
# #.# #......# #.# .#### #######
#.#####....####.## .....
##.....# #.##.............#
##### ##...>.#
#.##.###...#####.# #


You could see ZeroCool's ghost.

Vanquished Creatures
  Sigmund (D:3)
  A phantom (D:5)
  An ogre (D:4)
  A scorpion (D:4)
  A crimson imp (D:5)
  2 hounds (D:4)
  An orc wizard (D:3)
  A giant frog zombie (D:5)
  Jessica (D:3)
  Terence (D:3)
  2 worker ants
  8 adders
  A worm (D:2)
  A dart slug (D:2)
  10 orcs
  A giant cockroach (D:5)
  8 goblins
  8 hobgoblins
  7 jackals
  2 quokkas (D:4)
  3 ball pythons
  6 bats
  A giant gecko skeleton (D:4)
  A giant gecko zombie (D:5)
  4 giant newts
  6 kobolds
  4 rats
84 creatures vanquished.

Notes
Turn   | Place    | Note
--------------------------------------------------------------
     0 | D:1      | Gottschkopf the Minotaur Fighter began the quest for the Orb.
     0 | D:1      | Reached XP level 1. HP: 19/19 MP: 0/0
   466 | D:2      | Reached XP level 2. HP: 25/27 MP: 1/1
   540 | D:2      | Reached skill level 4 in Shields
   597 | D:2      | Reached XP level 3. HP: 6/33 MP: 2/2
  1061 | D:2      | Found a blossoming altar of Fedhas.
  1635 | D:3      | Noticed Terence
  1640 | D:3      | Noticed Sigmund
  1641 | D:3      | Reached skill level 5 in Shields
  1656 | D:3      | HP: 1/33 [something (4)]
  1662 | D:3      | Killed Terence
  1662 | D:3      | Reached XP level 4. HP: 2/40 MP: 3/3
  1664 | D:3      | Killed Sigmund
  1664 | D:3      | Reached skill level 6 in Shields
  1664 | D:3      | Reached XP level 5. HP: 2/47 MP: 4/4
  2103 | D:3      | Noticed Jessica
  2120 | D:3      | Reached XP level 6. HP: 50/53 MP: 5/5
  2131 | D:3      | Killed Jessica
  2538 | D:4      | Reached skill level 5 in Armour
  2538 | D:4      | Reached skill level 7 in Shields
  2725 | D:4      | Reached skill level 5 in Fighting
  2764 | D:4      | Found a shattered altar of Ashenzari.
  2953 | D:4      | Found a staircase to the Ecumenical Temple.
  2967 | Temple   | Entered the Ecumenical Temple
  3006 | Temple   | Became a worshipper of Trog the Wrathful
  3233 | D:4      | Reached XP level 7. HP: 57/61 MP: 6/6
  3421 | D:5      | Entered Level 5 of the Dungeon
  3437 | D:5      | Noticed ZeroCool's ghost (novice KoBe)
  3880 | D:5      | Found a shadowy altar of Dithmenos.
  3951 | D:5      | HP: 1/61 [ZeroCool's ghost (3)]
  3952 | D:5      | Mangled by ZeroCool's ghost

Vault maps used:
D:1:      evilmike_arrival_plus
D:2:      fedhas_altar_4, item_on_display_a
D:3:      supply_closet_lemuel, uniq_sigmund, uniq_jessica, uniq_terence
D:4:      lemuel_coloured_pillars_altar, temple_pool_b, first_bread,
          minmay_fountain_box
D:5:      grunt_temple_overflow_magic_moments, grunt_dithmenos_shadows
Temple:   minmay_temple_bridge_a_8

Skill      XL: |  1  2  3  4  5  6 |
---------------+-------------------+-----
Shields        | 4 5 6 7 |  7.9
Fighting       | 4 5 |  5.4
Armour         | 4 5 |  5.7
Long Blades    | 3 4 |  4.6

Action                   |  1- 3 |  4- 6 |  7- 9 || total
-------------------------+-------+-------+-------++-------
Melee: Long sword        |   112 |    86 |    89 ||   287
Evoke: Wand              |       |       |     1 ||     1
  Use: Potion            |     2 |       |       ||     2
  Eat: Chunk             |     2 |     5 |     3 ||    10
